| TOP OF THE 1ST |
|
Pawtucket Red Sox batting - Pitching for Round Rock Express : RHP Jeff Kidd
|
|
Pitching: RHP Jeff Kidd
|
|
|
Batting: RHB Matt Hinkle
|
0-0: Ball 1-0: Fly out, F8 (Line Drive, 8RD, EV 104.4 MPH)
|
|
Batting: RHB Rodolfo Contreras
|
0-0: Ball 1-0: Ball 2-0: Ball 3-0: Called Strike 3-1: Base on Balls
|
|
Batting: RHB Dave Burwell
|
0-0: Called Strike Rodolfo Contreras is caught stealing 2nd base 2-4 0-1: Swinging Strike 0-2: Ball 1-2: Fly out, F8 (Flyball, 78D, EV 71.9 MPH)
|
| Top of the 1st over - 0 runs, 0 hits, 0 errors, 0 left on base; Pawtucket 0 - Round Rock 0 |
| BOTTOM OF THE 1ST |
|
Round Rock Express batting - Pitching for Pawtucket Red Sox : RHP Roberto Morales
|
|
Pitching: RHP Roberto Morales
|
|
|
Batting: RHB Jonathan Rangel
|
0-0: Foul Ball, location: 2F 0-1: Called Strike 0-2: Foul Ball, location: 2F 0-2: Foul Ball, location: 2F 0-2: Ball 1-2: Strikes out swinging
|
|
Batting: RHB Masashi Yukizawa
|
0-0: Ball 1-0: Fly out, F8 (Flyball, 8LXD, EV 91.2 MPH)
|
|
Batting: RHB Noah Stanley
|
0-0: Called Strike 0-1: Called Strike 0-2: Strikes out swinging
|
| Bottom of the 1st over - 0 runs, 0 hits, 0 errors, 0 left on base; Pawtucket 0 - Round Rock 0 |
| TOP OF THE 2ND |
|
Pawtucket Red Sox batting - Pitching for Round Rock Express : RHP Jeff Kidd
|
|
Batting: LHB Zack Guillen
|
0-0: Hit by Pitch
|
|
Batting: RHB Brandon Perris
|
0-0: Ball 1-0: Ball 2-0: Fly out, F4 (Popup, 34, EV 73.8 MPH)
|
|
Batting: RHB Roberto Morales
|
0-0: Ball 1-0: Swinging Strike 1-1: Foul Ball, location: 2F 1-2: Fly out, F3 (Popup, 34, EV 63.1 MPH)
|
|
Batting: LHB Frank Olivo
|
0-0: Called Strike 0-1: Foul Ball, location: 2F 0-2: Ball 1-2: SINGLE (Groundball, 34D, EV 94.4 MPH) Zack Guillen to second Runner from 2nd tries for 3rd, SAFE, throw by RF made to third
|
|
Batting: RHB Joe Sandoval
|
0-0: Called Strike 0-1: Ball 1-1: Ball 2-1: Called Strike 2-2: Strikes out swinging
|
| Top of the 2nd over - 0 runs, 1 hit, 0 errors, 2 left on base; Pawtucket 0 - Round Rock 0 |
| BOTTOM OF THE 2ND |
|
Round Rock Express batting - Pitching for Pawtucket Red Sox : RHP Roberto Morales
|
|
Batting: RHB Doug Hammertime
|
0-0: Called Strike 0-1: Called Strike 0-2: Strikes out swinging
|
|
Batting: RHB Jarrod Joyce
|
0-0: Ground out 5-3 (Groundball, 56, EV 86.9 MPH)
|
|
Batting: LHB Cooper Broomhall
|
0-0: Called Strike 0-1: Ground out U3 (Groundball, 3, EV 80.6 MPH)
|
| Bottom of the 2nd over - 0 runs, 0 hits, 0 errors, 0 left on base; Pawtucket 0 - Round Rock 0 |
| TOP OF THE 3RD |
|
Pawtucket Red Sox batting - Pitching for Round Rock Express : RHP Jeff Kidd
|
|
Batting: RHB Joe Evrard
|
0-0: Ball 1-0: Ball 2-0: Foul Ball, location: 2F 2-1: Called Strike 2-2: Ball 3-2: Foul Ball, location: 2F 3-2: Strikes out swinging
|
|
Batting: RHB Matt Hinkle
|
0-0: Ground out 5-3 (Groundball, 56, EV 90.6 MPH)
|
|
Batting: RHB Rodolfo Contreras
|
0-0: Ball 1-0: Ball 2-0: Called Strike 2-1: Swinging Strike 2-2: Strikes out looking
|
| Top of the 3rd over - 0 runs, 0 hits, 0 errors, 0 left on base; Pawtucket 0 - Round Rock 0 |
| BOTTOM OF THE 3RD |
|
Round Rock Express batting - Pitching for Pawtucket Red Sox : RHP Roberto Morales
|
|
Batting: LHB Barend van der Kamp
|
0-0: Ball 1-0: Ball 2-0: Ball 3-0: Base on Balls
|
|
Batting: RHB Adryão Anto
|
0-0: Called Strike Barend van der Kamp steals 2nd base 0-1: Foul Ball, location: 2F 0-2: Foul Ball, location: 2F 0-2: Ball 1-2: Strikes out swinging
|
|
Batting: RHB Jeremy Boerman
|
0-0: Ball 1-0: Ball 2-0: Called Strike 2-1: Ball 3-1: Base on Balls
|
|
Batting: RHB Jonathan Rangel
|
0-0: Fly out, F8 (Flyball, 8LM, EV 90.6 MPH)
|
|
Batting: RHB Masashi Yukizawa
|
0-0: Called Strike 0-1: Swinging Strike 0-2: Ball 1-2: Strikes out looking
|
| Bottom of the 3rd over - 0 runs, 0 hits, 0 errors, 2 left on base; Pawtucket 0 - Round Rock 0 |
| TOP OF THE 4TH |
|
Pawtucket Red Sox batting - Pitching for Round Rock Express : RHP Jeff Kidd
|
|
Batting: RHB Dave Burwell
|
0-0: Fly out, F8 (Flyball, 89M, EV 88.1 MPH)
|
|
Batting: LHB Zack Guillen
|
0-0: Ball 1-0: Called Strike 1-1: Ball 2-1: Ground out U3 (Groundball, 34, EV 110.6 MPH)
|
|
Batting: RHB Brandon Perris
|
0-0: Foul Ball, location: 2F 0-1: Ball 1-1: Foul Ball, location: 2F 1-2: Strikes out swinging
|
| Top of the 4th over - 0 runs, 0 hits, 0 errors, 0 left on base; Pawtucket 0 - Round Rock 0 |
| BOTTOM OF THE 4TH |
|
Round Rock Express batting - Pitching for Pawtucket Red Sox : RHP Roberto Morales
|
|
Batting: RHB Noah Stanley
|
0-0: Foul Ball, location: 2F 0-1: Ball 1-1: Swinging Strike 1-2: Foul Ball, location: 2F 1-2: Foul Ball, location: 2F 1-2: Ball 2-2: Ball 3-2: Ground out 6-3 (Groundball, 6, EV 78.8 MPH)
|
|
Batting: RHB Doug Hammertime
|
0-0: Ball 1-0: Ball 2-0: Ball 3-0: Base on Balls
|
|
Batting: RHB Jarrod Joyce
|
0-0: Ball 1-0: SINGLE (Groundball, 25, EV 66.9 MPH) (infield hit) Doug Hammertime to second
|
|
Batting: LHB Cooper Broomhall
|
0-0: Called Strike 0-1: Ball 1-1: Ball 2-1: Ball 3-1: Called Strike 3-2: Foul Ball, location: 2F 3-2: Foul Ball, location: 2F 3-2: Reached on error, E3 (Groundball, 3, EV 103.8 MPH) Doug Hammertime to third Jarrod Joyce to second
|
|
Batting: LHB Barend van der Kamp
|
0-0: Ball 1-0: Swinging Strike 1-1: Ball 2-1: Swinging Strike 2-2: Strikes out swinging
|
|
Batting: RHB Adryão Anto
|
0-0: Called Strike 0-1: Ball 1-1: Called Strike 1-2: Foul Ball, location: 2F 1-2: Ball 2-2: Strikes out looking
|
| Bottom of the 4th over - 0 runs, 1 hit, 1 error, 3 left on base; Pawtucket 0 - Round Rock 0 |
| TOP OF THE 5TH |
|
Pawtucket Red Sox batting - Pitching for Round Rock Express : RHP Jeff Kidd
|
|
Batting: RHB Roberto Morales
|
0-0: Fly out, F8 (Flyball, 8RXD, EV 108.8 MPH)
|
|
Batting: LHB Frank Olivo
|
0-0: SINGLE (Groundball, 6S, EV 65.6 MPH) (infield hit)
|
|
Batting: RHB Joe Sandoval
|
0-0: Ball 1-0: Called Strike 1-1: Fielders Choice at 2nd, 1-4 (Groundball, 15S, EV 67.5 MPH)
|
|
Batting: RHB Joe Evrard
|
0-0: Called Strike Joe Sandoval steals 2nd, throwing error, E2 Joe Sandoval to third 0-1: Ground out 4-3 (Groundball, 4, EV 94.4 MPH)
|
| Top of the 5th over - 0 runs, 1 hit, 1 error, 1 left on base; Pawtucket 0 - Round Rock 0 |
| BOTTOM OF THE 5TH |
|
Round Rock Express batting - Pitching for Pawtucket Red Sox : RHP Roberto Morales
|
|
Batting: RHB Jeremy Boerman
|
0-0: Ball 1-0: Fly out, F5 (Popup, 5L, EV 65.6 MPH)
|
|
Batting: RHB Jonathan Rangel
|
0-0: Ground out U3 (Groundball, 34S, EV 78.8 MPH)
|
|
Batting: RHB Masashi Yukizawa
|
0-0: Ball 1-0: Foul Ball, location: 2F 1-1: Ball 2-1: Ground out 6-3 (Groundball, 6, EV 104.4 MPH)
|
| Bottom of the 5th over - 0 runs, 0 hits, 0 errors, 0 left on base; Pawtucket 0 - Round Rock 0 |
| TOP OF THE 6TH |
|
Pawtucket Red Sox batting - Pitching for Round Rock Express : RHP Jeff Kidd
|
|
Batting: RHB Matt Hinkle
|
0-0: Called Strike 0-1: Foul Ball, location: 2F 0-2: Strikes out looking
|
|
Batting: RHB Rodolfo Contreras
|
0-0: Called Strike 0-1: Ball 1-1: Ball 2-1: Ball 3-1: Foul Ball, location: 2F 3-2: Ground out U3 (Groundball, 34, EV 108.8 MPH)
|
|
Batting: RHB Dave Burwell
|
0-0: Ball 1-0: Foul Ball, location: 2F 1-1: Foul Ball, location: 2F 1-2: Ground out 6-3 (Groundball, 6, EV 80.6 MPH)
|
| Top of the 6th over - 0 runs, 0 hits, 0 errors, 0 left on base; Pawtucket 0 - Round Rock 0 |
| BOTTOM OF THE 6TH |
|
Round Rock Express batting - Pitching for Pawtucket Red Sox : RHP Roberto Morales
|
|
Batting: RHB Noah Stanley
|
0-0: Ball 1-0: Ball 2-0: Swinging Strike 2-1: Foul Ball, location: 2F 2-2: Foul Ball, location: 2F 2-2: Foul Ball, location: 2F 2-2: Ball 3-2: Ground out U3 (Groundball, 34, EV 100.0 MPH)
|
|
Batting: RHB Doug Hammertime
|
0-0: Ball 1-0: Ball 2-0: Foul Ball, location: 2F 2-1: Foul Ball, location: 2F 2-2: Fly out, F8 (Flyball, 78M, EV 85.0 MPH)
|
|
Batting: RHB Jarrod Joyce
|
0-0: Ball 1-0: Foul Ball, location: 2F 1-1: Called Strike 1-2: Ball 2-2: Strikes out looking
|
| Bottom of the 6th over - 0 runs, 0 hits, 0 errors, 0 left on base; Pawtucket 0 - Round Rock 0 |
| TOP OF THE 7TH |
|
Pawtucket Red Sox batting - Pitching for Round Rock Express : RHP Jeff Kidd
|
|
Batting: LHB Zack Guillen
|
0-0: Called Strike 0-1: Ball 1-1: Ball 2-1: Foul Ball, location: 2F 2-2: Foul Ball, location: 2F 2-2: Strikes out swinging
|
|
Batting: RHB Brandon Perris
|
0-0: Ball 1-0: Ball 2-0: Called Strike 2-1: Ball 3-1: Swinging Strike 3-2: Foul Ball, location: 2F 3-2: Foul Ball, location: 2F 3-2: Base on Balls
|
|
Batting: RHB Roberto Morales
|
0-0: Called Strike 0-1: Ball 1-1: Foul Ball, location: 2F 1-2: Ball 2-2: Strikes out swinging
|
|
Batting: LHB Frank Olivo
|
0-0: Ball 1-0: Fly out, F8 (Flyball, 89M, EV 91.9 MPH)
|
| Top of the 7th over - 0 runs, 0 hits, 0 errors, 1 left on base; Pawtucket 0 - Round Rock 0 |
| BOTTOM OF THE 7TH |
|
Round Rock Express batting - Pitching for Pawtucket Red Sox : RHP Roberto Morales
|
|
Batting: LHB Cooper Broomhall
|
0-0: Ball 1-0: Foul Ball, location: 2F 1-1: Called Strike 1-2: Foul Ball, location: 2F 1-2: Foul Ball, location: 2F 1-2: Fly out, F7 (Flyball, 7S, EV 91.2 MPH)
|
|
Pitching: RHP Andy Garvin
|
|
|
Batting: LHB Barend van der Kamp
|
0-0: Ball 1-0: SINGLE (Groundball, 4MD, EV 100.0 MPH)
|
|
Batting: RHB Adryão Anto
|
0-0: 2-RUN HOME RUN (Flyball, 9D, EV 100.0 MPH), Distance : 373 ft
|
|
Batting: RHB Jeremy Boerman
|
0-0: Called Strike 0-1: Ball 1-1: SINGLE (Groundball, 6MS, EV 71.9 MPH) (infield hit)
|
|
Batting: RHB Jonathan Rangel
|
0-0: Called Strike 0-1: Foul Ball, location: 2F 0-2: Strikes out swinging
|
|
Batting: RHB Masashi Yukizawa
|
0-0: Fly out, F9 (Flyball, 89M, EV 87.5 MPH)
|
| Bottom of the 7th over - 2 runs, 3 hits, 0 errors, 1 left on base; Pawtucket 0 - Round Rock 2 |
| TOP OF THE 8TH |
|
Pawtucket Red Sox batting - Pitching for Round Rock Express : RHP Jeff Kidd
|
|
Now in RF: Ernie Weathersbee
|
|
|
Batting: RHB Joe Sandoval
|
0-0: Called Strike 0-1: Foul Ball, location: 2F 0-2: SINGLE (Line Drive, 9S, EV 103.1 MPH)
|
|
Batting: RHB Joe Evrard
|
0-0: Fly out, F7 (Flyball, 7LSF, EV 94.4 MPH)
|
|
Pinch Hitting: SHB Ben Ervin
|
0-0: Foul Ball, location: 2F 0-1: Ball 1-1: Foul Ball, location: 2F 1-2: Ball 2-2: Foul Ball, location: 2F 2-2: Ball 3-2: Base on Balls Joe Sandoval to second
|
|
Pinch Hitting: LHB David Moore
|
0-0: Ball 1-0: Called Strike 1-1: SINGLE (Line Drive, 8LS, EV 88.1 MPH) Joe Sandoval to third Ben Ervin to second Runner from 3rd tries for Home, SAFE, throw by CF to home
|
|
Pitching: LHP Matt Walton
|
|
|
Batting: RHB Dave Burwell
|
0-0: Ball 1-0: Ball 2-0: Swinging Strike 2-1: Swinging Strike 2-2: Strikes out swinging
|
|
Pinch Hitting: RHB Carlos Nolasco
|
0-0: Foul Ball, location: 2F 0-1: Ball 1-1: Swinging Strike 1-2: Ball 2-2: Ball 3-2: Strikes out looking
|
| Top of the 8th over - 1 run, 2 hits, 0 errors, 2 left on base; Pawtucket 1 - Round Rock 2 |
| BOTTOM OF THE 8TH |
|
Round Rock Express batting - Pitching for Pawtucket Red Sox : RHP Andy Garvin
|
|
Now at 1B: Ben Ervin
|
|
|
Now at 2B: Brandon Perris
|
|
|
Now at 3B: Carlos Nolasco
|
|
|
Now in LF: Frank Olivo
|
|
|
Now in CF: Ted Emmerich
|
|
|
Pinch Hitting: SHB Pat Wilson
|
0-0: Called Strike 0-1: Ball 1-1: Swinging Strike 1-2: Ground out 6-3 (Groundball, 6, EV 86.9 MPH)
|
|
Batting: RHB Doug Hammertime
|
0-0: Called Strike 0-1: Ball 1-1: DOUBLE (Line Drive, 8RXD, EV 106.9 MPH)
|
|
Batting: RHB Jarrod Joyce
|
0-0: Ball 1-0: Ball 2-0: Ground out 5-3 (Groundball, 5, EV 87.5 MPH)
|
|
Batting: LHB Cooper Broomhall
|
0-0: Ball 1-0: Ball Wild Pitch! Doug Hammertime to third 2-0: Called Strike 2-1: Ball 3-1: Base on Balls
|
|
Batting: RHB Ernie Weathersbee
|
0-0: Ball 1-0: Ball 2-0: Ball 3-0: Called Strike 3-1: Ground out U3 (Groundball, 3L, EV 92.5 MPH)
|
| Bottom of the 8th over - 0 runs, 1 hit, 0 errors, 2 left on base; Pawtucket 1 - Round Rock 2 |
| TOP OF THE 9TH |
|
Pawtucket Red Sox batting - Pitching for Round Rock Express : LHP Matt Walton
|
|
Pitching: RHP Danny Romero
|
|
|
Now at 2B: Ivan Colon
|
|
|
Batting: RHB Brandon Perris
|
0-0: Swinging Strike 0-1: Called Strike 0-2: Ball 1-2: Ball 2-2: Foul Ball, location: 2F 2-2: Strikes out swinging
|
|
Batting: RHB Roberto Morales
|
0-0: Called Strike 0-1: Fly out, F8 (Flyball, 8LM, EV 78.8 MPH)
|
|
Batting: LHB Frank Olivo
|
0-0: Ball 1-0: Ball 2-0: Called Strike 2-1: Ground out 4-3 (Groundball, 4M, EV 85.0 MPH)
|
| Top of the 9th over - 0 runs, 0 hits, 0 errors, 0 left on base; Pawtucket 1 - Round Rock 2 |
|